[Event "Leca Open 2022"]
[Site "Leca da Palmeira"]
[Date "2022.08.05"]
[Round "8.1"]
[White "Nigmatov, Ortik"]
[Black "Spraggett, Kevin"]
[Result "1/2-1/2"]
[ECO "B48"]
[WhiteElo "2437"]
[BlackElo "2487"]
[Annotator "TA"]
[PlyCount "173"]
[EventDate "2022.08.02"]
[EventType "swiss"]
[EventCountry "POR"]
[SourceTitle "playchess.com"]
[Source "ChessBase"]
[SourceQuality "1"]
[TimeControl "5400+30"]

1. e4 c5 2. Nf3 e6 3. d4 cxd4 4. Nxd4 Nc6 5. Nc3 Qc7 6. Be3 a6 7. Qf3 Nf6 8. O-O-O h5 9. Nxc6 bxc6 10. Bc4 Be7 11. Bb3 a5 12. Rhe1 Bb7 13. Bg5 c5 14. Qd3 Bc6 15. e5 Nd5 16. Bxe7 ({Wrong is} 16. Nxd5 $2 Bxg5+ 17. Kb1 (17. f4 $2 Bxd5 18. Bxd5 Bxf4+ 19. Kb1 exd5 $19) 17... exd5 $19) 16... Nxe7 17. Nb5 (17. Ba4 $16) 17... Qb6 (17... Bxb5 $14 18. Qxb5 Ng6) 18. Nd6+ $18 Kf8 {[#]} 19. Qe3 (19. Ba4 $142 $1 ) 19... g6 {[%emt 0:11:36] [#]} 20. Nc4 (20. Ba4 $1 $16) 20... Qa7 21. a4 (21. c3 $16) 21... Nf5 $11 22. Qg5 Rb8 23. Qf6 Rh7 24. Rd3 $1 Qc7 25. Nd6 Qb6 26. Red1 (26. Rc3 $11) 26... Nxd6 (26... Nd4 $1 $15) 27. exd6 $11 ({Not} 27. Rxd6 $2 c4 28. Bxc4 Qxb2+ 29. Kd2 Qb4+ 30. Kd3 Bxa4 $19) 27... Re8 ({Black should play} 27... Kg8 $11) 28. Re3 $14 Qb4 {[%emt 0:01:30] [#]} (28... Bxg2 $2 29. Bxe6 $1 Qd8 30. Qxd8 Rxd8 31. Bd5 Bxd5 32. Rxd5 $18) (28... Kg8 $14) 29. Qc3 $2 (29. Bxe6 $1 $18 dxe6 30. d7 Bxd7 31. Rxd7) 29... Bxg2 30. Rg1 Bc6 31. Qe5 Qd4 (31... Bxa4 $2 32. Re4 c4 33. Rf4 $16 (33. Rxc4 Qb5 $16)) (31... c4 $2 32. Rxg6 cxb3 33. Reg3 $1 Qe1+ 34. Qxe1 $18) (31... Qh4 $1 $15) 32. c3 $11 Qh4 33. Bc2 Rg7 (33... Bxa4 $2 34. Bxg6 Qxf2 35. Rgg3 $18) 34. Reg3 $1 f6 (34... Bxa4 $2 35. Bxg6 f6 36. Qe3 $18) 35. Qxc5 (35. Qe3 $1 $11 {remains equal.} g5 36. Rh3) 35... g5 $17 36. Qe3 (36. h3 $17) 36... Bxa4 $2 (36... Qxh2 $19 {Threatens to win with ...g4.} 37. Kb1 Kg8) 37. Qf3 g4 38. Qd3 $2 (38. Bxa4 $11 gxf3 39. Rxg7) 38... Bxc2 $19 (38... Qxh2 $2 39. Bxa4 f5 40. Qe3 $18) 39. Kxc2 Qxh2 40. Qe3 f5 41. Qd4 (41. R1g2 $142 Qh1 42. Qd4) 41... Kg8 42. Kb1 (42. R3g2 {might work better.} Qh4 43. Qf4) 42... h4 $19 43. R3g2 Qh3 44. Qf6 (44. Qd1 $142) 44... Qd3+ $19 45. Kc1 h3 46. Rg3 Qxd6 47. Rxh3 Qf4+ 48. Kd1 Qxf2 49. Rxg4 {[%emt 0:00:01] [#]} Qf1+ $2 (49... fxg4 $1 $19 50. Qxf2 gxh3) 50. Kd2 $17 {[%emt 0:00:01] [#]} Qf2+ $2 (50... fxg4 $1 $17 51. Qxf1 gxh3 52. Qxh3 Rb8) 51. Kd1 $19 fxg4 52. Qxf2 gxh3 53. Qh4 Rb8 54. Kc2 Rg2+ 55. Kd3 h2 56. b4 axb4 57. Qh3 h1=Q 58. Qxh1 Rg3+ 59. Kd4 bxc3 60. Qh2 Rb4+ 61. Ke5 Rbg4 62. Qc2 Kg7 (62... Rc4 $142 63. Kf6 Rg7 64. Qa2 Rc6 65. Qa8+ Kh7 66. Qf8 e5+ 67. Kxe5 c2 68. Qf5+ Kg8 69. Qf4 c1=Q 70. Qxc1 Rxc1 71. Ke4 Rc4+ 72. Ke3 Rg3+ 73. Kd2 Kf7 74. Ke1 Rc2 75. Kd1 Rgg2 76. Ke1 Rg1#) 63. Kd6 Rd4+ 64. Ke7 Rd2 (64... Kg8 $142 65. Kd8 Rd2 66. Qb3 Rdd3 67. Qc2 Kf7 68. Qe2 Rgf3 69. Qh2 e5 70. Qh4 Ke6 71. Ke8 Kf5 72. Qh7+ Kg4 73. Qe4+ Kh3 74. Qe1 e4 75. Ke7 d5 76. Qh1+ Kg4 77. Qg1+ Kf5 78. Qh2 Rd2 79. Qh4 Ke5 80. Qg5+ Kd4 81. Kd7 Rdf2 82. Kc6 Rf6+ 83. Kc7 c2 84. Qc1 e3 85. Kc8 Rb6 86. Qa1+ Kd3 87. Kc7 Rb1 88. Qa3+ Ke4 89. Qa4+ Kf3 90. Kd8 c1=Q 91. Qa6 e2 92. Qd3+ Kg4 93. Qd4+ Qf4 94. Qg7+ Qg5+ 95. Qxg5+ Kxg5 96. Ke7 e1=Q+ 97. Kd7 Qe5 98. Kc8 Rf7 99. Kd8 Qh8#) 65. Qe4 $19 Rd5 66. Qf4 Rg6 $2 (66... Rdd3 67. Qf7+ Kh6 68. Qf4+ Kh7) 67. Qf3 $2 (67. Qc7 $19) 67... c2 68. Qc3+ e5 69. Qxc2 Re6+ 70. Kd8 e4 71. Qg2+ Kf6 72. Qf2+ Rf5 73. Qd4+ Ree5 74. Qe3 Rf3 $2 (74... Rg5 $19 75. Qf2+ Ke6) 75. Qh6+ $11 Kf5 76. Qh7+ Kf4 77. Qh2+ $2 (77. Qh4+ $1 $11 {and White is okay.} Ke3 78. Qe1+ Kd3 79. Qd1+ Ke3 80. Qe1+ Kf4 81. Qh4+ Kf5 82. Qh5+ Kf6 83. Qh8+ Kf5 84. Qh5+ Kf6 85. Qh8+ Kf5 86. Qh5+) 77... Kf5 $2 (77... Rg3 $1 $19 {White must now prevent ...e3.} 78. Qh4+ Rg4 79. Qf6+ Rf5 80. Qd6+ Ke3 81. Kxd7 Rgg5 82. Qa3+ Ke2 83. Qa2+ Kf3) 78. Qh7+ $11 Kg5 (78... Kf4 $5 79. Qh4+ Kf5 80. Qh5+ Ke6 81. Qe8+ Kd6 82. Qxd7+ Kc5 83. Qa7+ Kd6 84. Qd7+ Kc5 85. Qa7+ Kd6 86. Qd7+ $11) 79. Qg7+ Kf4 80. Qh6+ {[%emt 0:00:06] [#]} (80. Qf6+ $1 $11 Rf5 81. Qh4+ Ke3 82. Qe1+ Kf4 83. Qh4+ Ke3 84. Qe1+ Kf4 85. Qh4+) 80... Rg5 $1 $17 81. Kxd7 $2 {[%emt 0:03:48][%mdl 8192] [#]} (81. Qd6+ $17 {only move.} Kg4 82. Qxd7+ Rgf5 83. Qg7+ Rg5 84. Qd7+ Rgf5 85. Qg7+ Kh3 86. Qh6+ Kg3 87. Qg7+ Kh2 88. Qh6+ Kg3 89. Qg7+ Kh3 90. Qh8+ Kg4 91. Qg7+) 81... e3 $1 $19 82. Kd6 e2 $2 ({Black should try} 82... Rfg3 $19 {( -> ...e2)} 83. Qf6+ Ke4) 83. Qf6+ $1 $11 Rf5 (83... Kg4 $5 84. Qe6+ Kh4 85. Qe4+ Kg3 86. Qxe2 Rgf5 $11) 84. Qd4+ $1 Kg3 (84... Kg5 $5 85. Qd2+ R3f4 $11) 85. Qg1+ Kf4 86. Qd4+ Kg3 (86... Kg5 $5 87. Qd2+ R3f4 $11) 87. Qg1+ 1/2-1/2

[Event "Leca Open 2022"]
[Site "Leca da Palmeira"]
[Date "2022.08.04"]
[Round "8.2"]
[White "Krishna C R G"]
[Black "Motylev, Alexander"]
[Result "0-1"]
[ECO "D11"]
[WhiteElo "2430"]
[BlackElo "2632"]
[Annotator "TA"]
[PlyCount "30"]
[EventDate "2022.08.02"]
[EventType "swiss"]
[EventCountry "POR"]
[SourceTitle "playchess.com"]
[Source "ChessBase"]
[SourceQuality "1"]
[TimeControl "5400+30"]

1. d4 d5 2. c4 c6 3. Nf3 Nf6 4. g3 Bf5 5. Bg2 e6 6. O-O Nbd7 7. Nc3 h6 8. Ne5 {[%emt 0:15:22] D11: Slav Defence: 3 Nf3 sidelines and 3...Nf6 4 e3 Bg4.} Be7 9. Qb3 O-O 10. cxd5 {[%emt 0:09:28] The position is equal.} cxd5 11. Bf4 {[%emt 0:01:01] [#]} Nxe5 $146 ({Predecessor:} 11... Qb6 12. Qxb6 Nxb6 13. f3 Bh7 14. e4 Rfd8 15. Rfd1 Bb4 16. exd5 Nfxd5 {½-½ (27) Splichal,S (2138)-Kulovana,E (2197) Czech Republic 2016}) 12. Bxe5 Qd7 13. Rac1 Rac8 14. Qb5 (14. Nb5 $11) 14... Rc6 $15 15. Rfd1 $2 {[%emt 0:21:09][%mdl 8192] [#]} (15. e3 $15) 15... Rxc3 $1 {[%emt 0:05:32][%mdl 512] Weighted Error Value: White=0.87/Black=0.10 (very precise)} 0-1

[Event "Leca Open 2022"]
[Site "Leca da Palmeira"]
[Date "2022.08.04"]
[Round "8.3"]
[White "Perez Candelario, Manuel"]
[Black "Panesar Vedant"]
[Result "1/2-1/2"]
[ECO "C24"]
[WhiteElo "2578"]
[BlackElo "2318"]
[Annotator "TA"]
[PlyCount "58"]
[EventDate "2022.08.02"]
[EventType "swiss"]
[EventCountry "POR"]
[SourceTitle "playchess.com"]
[Source "ChessBase"]
[SourceQuality "1"]
[TimeControl "5400+30"]

1. e4 e5 2. Bc4 Nf6 3. d3 Nc6 4. Nc3 Bb4 5. Nf3 d6 6. O-O Na5 {[%emt 0:04:53] C28: Vienna Game: 2...Nf6 3 Bc4 Nc6.} 7. Bb3 Nxb3 8. axb3 h6 {[%emt 0:02:08] The position is equal.} 9. Ne2 O-O {[%emt 0:00:32] [#]} 10. Ng3 $146 ({Predecessor:} 10. c3 Bc5 11. Ng3 Bb6 12. Re1 Re8 13. h3 c6 14. d4 exd4 15. Nxd4 Bc7 16. Qf3 {½-½ (38) Glaeser,A (1304)-Duan,M (1246) Willingen 2016}) 10... Re8 11. Bd2 Bc5 12. h3 c6 13. Be3 Bxe3 14. fxe3 Be6 15. Qe1 Nh7 16. Kh2 a6 17. Rd1 Qe7 18. d4 Nf6 19. dxe5 dxe5 20. Qc3 Qc7 21. Rd2 ({Much weaker is} 21. Nxe5 {[#]} Bxh3 $1 22. Rxf6 gxf6 $15) (21. Qxe5 Qxe5 22. Nxe5 Bxh3 $1 23. Nxf7 Bg4 $17) 21... Rad8 22. Rfd1 (22. Rxd8 $11 {should be considered.} Qxd8 23. Qc5 (23. Nxe5 Qc7 $11)) 22... Rxd2 $15 23. Rxd2 Nd7 24. b4 Ra8 25. b3 Re8 26. Rd1 (26. Ne1 $15) 26... Rc8 $17 27. Nh4 g6 {[%emt 0:04:35] Against Nhf5} 28. Nhf5 Nf6 ({Much worse is} 28... gxf5 29. exf5 Bd5 30. e4 $11) 29. Nh4 Nd7 {[%emt 0:05:11] Weighted Error Value: White=0.13 (very precise) /Black=0.07 (flawless)} (29... Ne8 $17) 1/2-1/2

[Event "Leca Open 2022"]
[Site "Leca da Palmeira"]
[Date "2022.08.04"]
[Round "8.4"]
[White "Martinez Duany, Lelys Stanley"]
[Black "Balaji, Aaravamudhan"]
[Result "1-0"]
[ECO "A05"]
[WhiteElo "2497"]
[BlackElo "2228"]
[Annotator "TA"]
[PlyCount "81"]
[EventDate "2022.08.02"]
[EventType "swiss"]
[EventCountry "POR"]
[SourceTitle "playchess.com"]
[Source "ChessBase"]
[SourceQuality "1"]
[TimeControl "5400+30"]

1. Nf3 Nf6 2. c4 g6 3. b4 Bg7 4. Bb2 O-O 5. e3 d6 6. d4 c5 {[#]} 7. Be2 $146 {E60: King's Indian: Unusual lines and Fianchetto Variation without Nc3.} ({Predecessor:} 7. a3 cxd4 8. exd4 e5 9. dxe5 dxe5 10. Qxd8 Rxd8 11. Nxe5 Ng4 12. Nd3 Re8+ 13. Be2 Bf5 14. Kd2 Bxd3 15. Bxg4 Bxb2 16. Ra2 Rd8 17. Rxb2 Bf5+ 18. Kc3 Bxg4 19. Nd2 Bf5 {0-1 (19) Carlsen,M (2847)-Dubov,D (2710) chess24.com INT 2021}) 7... cxb4 8. O-O (8. Nbd2 Nbd7 $15) 8... e5 9. a3 {The position is equal.} bxa3 10. Nxa3 exd4 11. Nxd4 d5 (11... a6 $11) 12. cxd5 Nxd5 13. Nc4 Nc6 14. Nxc6 bxc6 15. Bxg7 Kxg7 16. Rxa7 {[%mdl 64] Decoy} Rxa7 17. Qd4+ Qf6 18. Qxa7 Nc3 19. Bf3 Bf5 {Threatens to win with ...Bd3.} 20. Qc5 Rd8 {Against Nd6} 21. Ne5 ({Avoid the trap} 21. Qxc6 $2 Qxc6 22. Bxc6 Bd3 $19) ({Don't play} 21. Bxc6 Bd3 22. Ne5 (22. Re1 $2 Bxc4 23. Qxc4 Rc8 $19) 22... Bxf1 23. Qxc3 Ba6 $17) 21... Ne4 22. Bxe4 Bxe4 23. Ng4 Qd6 (23... Qf5 24. Qc3+ f6 25. f3 $16) 24. Qc3+ f6 25. f3 Bf5 26. Nf2 Qd2 27. Qa3 Qd6 {Prevents Qe7+.} 28. Qa5 {Strongly threatening Rd1.} Qd2 {[#]} (28... Rd7 $11) 29. Qa3 (29. Qb6 $1 $16) 29... Qd6 $11 30. Qa1 Qc5 31. g4 Be6 {[#]} (31... Bc2 $1 $11) 32. Qxf6+ $3 $16 Kxf6 33. Ne4+ Ke5 34. Nxc5 {[%mdl 4096] Endgame KRB-KRN} Rd2 {[#]} 35. Rf2 $1 Rd1+ 36. Kg2 Bc4 37. Rc2 Bb5 38. Ne4 Rd5 39. Kg3 Bd3 $2 (39... h6 40. Nc3 Rd8 41. f4+ Ke6) 40. Rxc6 $18 {White threatens f4+ and mate.} Bxe4 41. f4# {Weighted Error Value: White=0.06 (flawless) /Black=0.60} ({Not} 41. fxe4 Rd1 $16) 1-0

[Event "Leca Open 2022"]
[Site "Leca da Palmeira"]
[Date "2022.08.05"]
[Round "8.6"]
[White "Rodriguez Lopez, Rafael"]
[Black "Martins, Bruno Andre Leite"]
[Result "1-0"]
[ECO "C07"]
[WhiteElo "2172"]
[BlackElo "2331"]
[Annotator "TA"]
[PlyCount "135"]
[EventDate "2022.08.02"]
[EventType "swiss"]
[EventCountry "POR"]
[SourceTitle "playchess.com"]
[Source "ChessBase"]
[SourceQuality "1"]
[TimeControl "5400+30"]

1. e4 e6 2. d4 d5 3. Nd2 c5 4. exd5 Qxd5 5. Ngf3 Nc6 6. Bc4 {C07: French Tarrasch: 3...c5, 4 Ngf3 and 4 exd5 Qxd5.} Qd7 7. dxc5 Bxc5 8. O-O {White is slightly better.} Nf6 {Against Ne4} 9. c3 O-O 10. Qe2 a6 {[#]} 11. Rd1 $146 (11. Ne4 $5 Be7 12. Nxf6+ Bxf6 13. Rd1 $14) ({Predecessor:} 11. Ne4 Nxe4 12. Qxe4 Be7 13. Bf4 Na5 14. Bd3 f5 15. Qe2 Bf6 16. Ne5 Qe7 17. Rad1 Bxe5 18. Bxe5 {1-0 (53) Demchenko,A (2654)-Artemenko,O (2246) Chess.com INT 2022}) 11... Rd8 12. Bb3 {And now Ne4 would win.} Qd3 {Against Ne4} 13. Qe1 b5 {Prevents Nc4.} 14. Nf1 Qe4 15. Rxd8+ Nxd8 16. Be3 Bxe3 17. Nxe3 Bb7 18. Rd1 Nc6 19. Nd4 Ne5 20. h3 Ng6 21. Bc2 Qe5 22. Bd3 Nf4 {[%cal Ob7g2] ...Bxg2! is the strong threat.} 23. Bf1 N6d5 24. Ndc2 Nf6 25. Qd2 Qe4 26. Kh2 Qc6 27. Qd4 N4d5 28. Kg1 h6 29. c4 bxc4 30. Nxc4 Qa4 31. N2a3 Qb4 32. Qe5 Rd8 33. Rc1 Rc8 34. Rc2 Ne8 35. Rd2 Qc5 36. Nc2 a5 37. a3 Kf8 38. Nd4 Ba6 {[#]} (38... a4 $11 {keeps the balance.}) 39. Nb3 $1 $36 {[%csl LRa5,LRc5][%mdl 2048] White is in control. 0x0.0024c289a9dcdp-1022s more active pieces.} Qa7 40. Nbxa5 Rc5 41. b4 (41. Qd4 $16 {Threatens to win with Nc6.} Rc7 42. Qxa7 Rxa7 43. Rd4) 41... Rc7 {Against Nc6} ({Black should play} 41... Bxc4 $14 42. Nxc4 Nxb4) 42. Qd4 (42. Qg3 $18) 42... Qb8 (42... Qxd4 $16 {is a better defense.} 43. Rxd4 Bb5) 43. Rd1 Nef6 44. Rc1 Kg8 45. Nb3 Qc8 $2 {Black cannot hold the game after this.} (45... Nd7 $16) 46. Nc5 Bxc4 47. Bxc4 ({Resist} 47. Rxc4 Kh8 48. Na6 Rxc4 49. Bxc4 Ne7) 47... Qa8 48. Qb2 Nf4 {[%csl Gf4][%cal Ra8g2] [#]} 49. Bf1 Qc8 50. Rc4 N4d5 51. Qc1 Nb6 52. Rc2 Nfd5 53. Bd3 Qa8 (53... Qd8 $142 54. Bb5 Qa8) 54. Be4 $18 Ra7 $2 (54... Qd8 55. Qd1 Ra7) 55. a4 Rc7 56. a5 Nc8 57. Bf3 Nd6 58. Nd3 Rxc2 59. Qxc2 Qa6 60. Qb3 Nc7 61. Nc5 Qa7 (61... Qc4 {was worth a try.} 62. Qxc4 Nxc4) 62. Be2 {White is clearly winning.} Nf5 63. Bd3 Nd4 (63... Nd6 $142 64. Qa4 Nd5) 64. Qc4 Ndb5 65. Qe4 Kf8 66. Qc6 Kg8 67. Bxb5 Qb8 68. Bf1 {Weighted Error Value: White=0.17 (very precise) /Black=0.31} 1-0

[Event "Leca Open 2022"]
[Site "Leca da Palmeira"]
[Date "2022.08.04"]
[Round "8.7"]
[White "Abdisalimov, Abdimalik"]
[Black "Rego, Pedro Filipe"]
[Result "1-0"]
[ECO "E46"]
[WhiteElo "2437"]
[BlackElo "2251"]
[Annotator "TA"]
[PlyCount "39"]
[EventDate "2022.08.02"]
[EventType "swiss"]
[EventCountry "POR"]
[SourceTitle "playchess.com"]
[Source "ChessBase"]
[SourceQuality "1"]
[TimeControl "5400+30"]

1. d4 Nf6 2. c4 e6 3. Nc3 Bb4 4. e3 O-O 5. Nge2 c6 6. a3 {E46: Nimzo-Indian: Rubinstein: 4 e3 0-0 5 Ne2 without early Bd3.} Ba5 7. b4 Bc7 8. e4 {The position is equal.} d5 9. e5 Nfd7 {9...Nfd7 scores better than 9...Ne8.} 10. Nf4 Qe7 {[#]} (10... a5 $5 11. Rb1 (11. cxd5 axb4 12. d6 Bxd6 $17) 11... axb4 12. axb4 (12. Rxb4 $2 c5 $19) 12... c5 $11) 11. Bd3 $146 {[%mdl 2048] White is pushing.} ({Predecessor:} 11. Qc2 f6 12. cxd5 fxe5 13. Nxe6 exd4 14. Bc4 Nb6 15. Bg5 Qe8 16. Bb3 dxc3 17. O-O Bxe6 18. dxe6 {0-1 (32) Lamaze,S (2369)-Polanco Nunez,Y (2203) Chess.com INT 2022}) 11... f6 (11... dxc4 $14 12. Bxc4 a5) 12. cxd5 $18 ({Less strong is} 12. Qh5 g6 13. Qh4 (13. Nxg6 hxg6 14. Qg4 Qg7 $17) 13... Qf7 $11) 12... exd5 {[#]} (12... Nxe5 {is tougher.} 13. dxe5 exd5) 13. Qc2 (13. Qh5 g6 14. Bxg6 (14. Nxg6 hxg6 15. Qxg6+ Qg7 $11) 14... Nb6 $16) 13... Nxe5 14. Bxh7+ ({Not} 14. dxe5 g6 15. O-O Bxe5 $18) 14... Kf7 (14... Kh8 $142) 15. dxe5 Qxe5+ 16. Be3 d4 17. Qg6+ Ke7 18. Qxg7+ Rf7 19. Ng6+ Ke6 20. Bg8 {Black did not feel at home in the position after the opening.  Weighted Error Value: White=0.03 (flawless) /Black=1.04} 1-0

[Event "Leca Open 2022"]
[Site "Leca da Palmeira"]
[Date "2022.08.04"]
[Round "8.8"]
[White "Padeiro, Jose"]
[Black "Akhvlediani, Irakli"]
[Result "1/2-1/2"]
[ECO "A06"]
[WhiteElo "2216"]
[BlackElo "2429"]
[Annotator "TA"]
[PlyCount "120"]
[EventDate "2022.08.02"]
[EventType "swiss"]
[EventCountry "POR"]
[SourceTitle "playchess.com"]
[Source "ChessBase"]
[SourceQuality "1"]
[TimeControl "5400+30"]

1. Nf3 Nf6 2. c4 e6 3. b3 d5 4. Bb2 c5 5. e3 Nc6 6. cxd5 exd5 7. Bb5 Bd6 8. O-O O-O {A13: English Opening: 1...e6.} 9. d4 cxd4 10. Nxd4 Ne5 11. Be2 {[#]} Ne4 $146 ({Predecessor:} 11... Re8 12. Nd2 a6 13. Rc1 Qe7 14. Qc2 Bd7 15. Nf5 Bxf5 16. Qxf5 Qe6 17. Qxe6 fxe6 {½-½ (31) Tsyhanchuk,S (2359)-Grishchenko,S (2411) Stockholm 2019}) 12. Nf3 Ng4 13. Qd4 {[%csl Gb2][%cal Rd4g7] [#]} Ngf6 14. Ba3 Bf5 15. Bxd6 Qxd6 16. Nbd2 Qa3 17. Qe5 Nxd2 18. Nxd2 Bg6 19. Nb1 Qc5 20. Qb2 Rac8 21. Bf3 Qb4 22. Na3 {Inhibits Rc2.} a6 23. Rac1 h6 24. Rfd1 (24. Nc2 $5 Qd6 25. Nd4 $14) 24... Kh7 ({Better is} 24... Rxc1 $11 25. Rxc1 Be4) 25. h3 ({Don't play} 25. Bxd5 Rxc1 26. Qxc1 Nxd5 27. Rxd5 {[#]} Rc8 $1 $17) ({White should try} 25. Nc2 $14 Qd6 26. Nd4) 25... Rxc1 $11 26. Qxc1 Bf5 27. Nc2 Qa5 28. Nd4 Rc8 29. Qd2 Qxd2 30. Rxd2 Rc1+ 31. Rd1 Rxd1+ 32. Bxd1 {[%mdl 4096] Endgame KBN-KBN} Kg6 33. f3 Bb1 34. a3 Nd7 35. Kf2 Kf6 36. Ke2 Ke7 37. Kd2 Kd6 38. g4 Ne5 39. f4 Nc6 40. Kc3 Ne7 41. h4 Be4 42. g5 f6 {The position is equal.} 43. gxh6 gxh6 44. Bh5 a5 45. b4 axb4+ 46. axb4 Nf5 47. Nxf5+ Bxf5 {KB-KB} 48. Bf3 b6 49. Kd4 Be6 50. Bh5 Bf5 51. Bf3 Be6 52. Bh5 Kc6 53. Be2 Bf7 54. Bf1 Bg6 55. Be2 Be4 56. Bf1 Bf3 57. Bd3 Kd6 58. Ba6 Be4 59. Bf1 Bf3 60. Ba6 Be4 {Weighted Error Value: White=0.09 (flawless) /Black=0.08 (flawless)} 1/2-1/2

[Event "Leca Open 2022"]
[Site "Leca da Palmeira"]
[Date "2022.08.04"]
[Round "8.9"]
[White "Buscara, Sevan"]
[Black "Balje, Jan"]
[Result "1-0"]
[ECO "D02"]
[WhiteElo "2404"]
[BlackElo "2190"]
[Annotator "TA"]
[PlyCount "89"]
[EventDate "2022.08.02"]
[EventType "swiss"]
[EventCountry "POR"]
[SourceTitle "playchess.com"]
[Source "ChessBase"]
[SourceQuality "1"]
[TimeControl "5400+30"]

1. d4 d5 2. Nf3 Nf6 3. Bf4 c5 4. e3 Nc6 5. Nbd2 Qb6 6. dxc5 {[%emt 0:00:18] D02: 1 d4 d5 2 Nf3 sidelines, including 2...Nf6 3 g3 and 2...Nf6 3 Bf4.} Qxb2 7. Rb1 Qc3 8. Bb5 {[%emt 0:03:06] The position is equal.} Qxc5 {[%emt 0:21:09] 8...g6 gains popularity.} 9. O-O Bd7 (9... e6 $14) 10. c4 $16 e6 11. Ba4 (11. cxd5 $1 $18 exd5 12. Ba4) 11... b6 (11... Nd8 $142) 12. Rc1 {[%emt 0:10:04] [#]} d4 $146 ({Predecessor:} 12... Rc8 13. cxd5 Qxd5 14. Ne5 Bb4 15. Nxd7 Qxd7 16. Nf3 Qb7 17. Bxc6+ Rxc6 18. Qa4 Bc5 19. Rxc5 bxc5 {1-0 (44) Gorodetzky,D (2461)-Pop,A (2276) Arad 2019}) 13. exd4 Nxd4 14. Nxd4 $2 (14. Bxd7+ $1 $16 Nxd7 15. Nxd4 Qxd4 16. Qf3) 14... Qxd4 $15 15. Qf3 Rd8 16. Be3 Qb2 (16... Qe5 $15 17. Bxd7+ Nxd7) 17. Bxd7+ $1 $14 Nxd7 18. Bg5 ({Better is} 18. Nb3 $11) 18... Be7 $15 (18... Qxa2 $2 19. Ra1 Ne5 20. Qb7 $18) 19. Bxe7 Kxe7 20. Nb3 Rhe8 (20... Qxa2 $2 21. Ra1 Qb2 22. Rxa7 $18) 21. Qb7 Qxa2 22. Nd4 (22. c5 $17 {is a better defense.} Kf8 23. c6) 22... Kf8 $19 23. Ra1 Nc5 {[%emt 0:01:44] aiming for ...Qxa1.} 24. Qf3 Qxc4 25. Nc6 {[%emt 0:00:34] [#] Black must now prevent Ne5.} Rd3 (25... Rd5 $1 $19 {And now ...Nb3 would win.} 26. Rxa7 Rd7) 26. Qh5 $17 {[%emt 0:00:44] Strongly threatening Ne5.} f6 {[%emt 0:04:10] Inhibits Ne5.} 27. Qxh7 {[%emt 0:06:32] [#]} a5 (27... e5 $1 $17 {Hoping for ...a5.} 28. Rxa7 Rd7) 28. f4 $2 (28. Qh8+ $11 {and White has nothing to worry.} Kf7 29. Qh5+ Kf8 30. Qh8+ Kf7 31. Qh5+ Kf8 32. Qh8+) 28... Qd5 $19 29. Rac1 Rd2 ({Worse is} 29... Qxc6 30. Qxd3 Qxg2+ 31. Kxg2 $17) 30. Qh8+ Kf7 31. Ne5+ fxe5 32. fxe5+ Ke7 33. Qxg7+ Kd8 34. Qg5+ Re7 35. h4 Kd7 36. h5 Rh7 37. Rf3 Rd1+ 38. Rxd1 Qxd1+ 39. Kh2 Qe1 40. h6 Qe4 41. Rf4 Qd3 ({Stronger than} 41... Qa8 42. Qg6 Rh8 43. Rd4+ Kc6 44. Rd6+ Kb7 45. Qg7+ Ka6 46. Qc7 Rxh6+ 47. Kg1 $17) 42. Qh5 Kc6 43. Qe8+ Kd5 44. Qf8 Qg6 $4 (44... Kxe5 $19 45. Rh4 Kd5 46. Rh5+ Kc4 47. Rh4+ Kb5 48. Qe8+ Qd7 49. Qxd7+ Nxd7) 45. Qd6# {[%emt 0:00:06] Both players deserved the win here.  Weighted Error Value: White=0.49/Black=0.30} 1-0